 Dungeon Crawl Stone Soup version 0.20.0-1-g1cb1d84 (console) character file.

154 removed the Shooter (level 5, -1/30 HPs)
             Began as a Deep Elf Arcane Marksman on May 26, 2017.
             Slain by a gnoll
             ... wielding a +0 club
              (7 damage)
             ... on level 2 of the Dungeon.
             The game lasted 00:06:58 (3235 turns).

removed the Shooter (Deep Elf Arcane Marksman)      Turns: 3235, Time: 00:06:59

Health: -1/30      AC:  4    Str:  7      XL:     5   Next: 13%
Magic:  18/18      EV: 12    Int: 19      God:
Gold:   60         SH:  0    Dex: 12 (13) Spells: 6/7 levels left

rFire    . . .     SeeInvis +   a - +0 shortbow
rCold    + . .     Gourm    .   (shield currently unavailable)
rNeg     . . .     Faith    .   e - +0 robe
rPois    .         Spirit   .   s - +0 helmet
rElec    .         Reflect  .   (no cloak)
rCorr    .         Harm     .   x - +0 pair of gloves
MR       .....                  (no boots)
Stlth    +.........             (no amulet)
Regen    0.1/turn               h - ring of magical power
MPRegen  0.2/turn               o - ring of see invisible

@: no status effects
A: clumsy 1, cold resistance 1, deterioration 1
a: no special abilities


You were on level 2 of the Dungeon.
You were not hungry.

You visited 1 branch of the dungeon, and saw 3 of its levels.

You collected 60 gold pieces.

Inventory:

Hand Weapons
 a - a +0 shortbow (weapon)
 l - a +0 short sword
 p - a +1 antimagic dagger
Missiles
 d - 34 arrows (quivered)
Armour
 e - a +0 robe (worn)
 s - a +0 helmet (worn)
 x - a +0 pair of gloves (worn)
Jewellery
 h - a ring of magical power (left hand)
 o - a ring of see invisible (right hand)
Wands
 t - a wand of random effects (8/48)
Scrolls
 k - 5 scrolls of identify
 u - a scroll of enchant weapon {unknown}
 y - a scroll of recharging {unknown}
 z - a scroll of fear {unknown}
 A - a scroll of teleportation {unknown}
 C - a scroll of remove curse
Potions
 i - 2 potions of heal wounds
 w - 2 potions of magic
Books
 c - a book of Debilitation

   Spells                             Type                      Level
   a - Corona                         Hexes                        1
   b - Slow                           Hexes                        2
   c - Inner Flame                    Hexes/Fire                   3
   d - Portal Projectile              Hexes/Translocation          3
   e - Cause Fear                     Hexes                        4
   f - Leda's Liquefaction            Hexes/Earth                  4
Comestibles
 f - 2 bread rations
 j - 9 fruits


   Skills:
 + Level 2.1 Fighting
 - Level 5.1 Bows
 - Level 2.4 Dodging
 - Level 1.5 Spellcasting
 - Level 4.0 Hexes


You had 6 spell levels left.
You knew the following spells:

 Your Spells              Type           Power        Failure   Level  Hunger
a - Corona                Hex            ###....      3%          1    ##.....


Dungeon Overview and Level Annotations

Branches:
Dungeon (3/15)

Altars:
Makhleb

Annotations:
D:3 zhorgal's ghost, weakling MiBe


Innate Abilities, Weirdness & Mutations

You are clumsy. (Dex -2)
Your flesh is cold resistant. (rC+)
Your body sometimes deteriorates upon taking damage.


Message History

You shoot an arrow. The arrow barely misses the gnoll.
The gnoll barely misses you.
Firing (i - inventory):
d - 37 arrows (quivered)
Press: ? - help, Shift-Dir - straight line, f/p - gnoll
Aim: a gnoll, wielding a club You shoot an arrow.
The arrow hits the gnoll.
The gnoll is moderately wounded.
The gnoll hits you but does no damage.
Firing (i - inventory):
d - 36 arrows (quivered)
Press: ? - help, Shift-Dir - straight line, f/p - gnoll
Aim: a gnoll, wielding a club (moderately wounded)
You shoot an arrow. The arrow barely misses the gnoll.
The gnoll hits you but does no damage.
Firing (i - inventory):
d - 35 arrows (quivered)
Press: ? - help, Shift-Dir - straight line, f/p - gnoll
Aim: a gnoll, wielding a club (moderately wounded)
You shoot an arrow. The arrow hits the gnoll.
The gnoll is severely wounded.
The gnoll hits you with a club!
You die...

#.....######.## ##....
#.............# #######..)
#.....######.## #.......<#
..#.### #.# #.######## ###.# #.#
#.# #.# #.### #.# ##'## #...# #.#
##...## ###.#### #.# #.....##
#....@g# #.#### .......##
#...##.# ###.##.## #
........####....#.####.......####
........'<...###................+
........####.# #..####.#.#...####
..(....## #.###..# #.#.)....# #
#.....## #....#.# #.#......#
##...## #.#.##.# #.##.....# ##'##
#......# #.###...##


You could see a gnoll.

Vanquished Creatures
  Robin (D:1)
  4 adders
  An ooze (D:2)
  A worm (D:2)
  3 dart slugs
  A leopard gecko (D:1)
  2 orcs (D:3)
  A ball python (D:2)
  6 giant cockroaches
  13 hobgoblins
  2 jackals (D:2)
  A quokka (D:2)
  8 bats
  5 frilled lizards
  18 goblins
  9 kobolds
  11 rats
87 creatures vanquished.

Notes
Turn   | Place    | Note
-------+----------+-------------------------------------------
     0 | D:1      | removed the Deep Elf Arcane Marksman began the quest for the Orb.
     0 | D:1      | Reached XP level 1. HP: 11/11 MP: 5/5
    86 | D:1      | Reached skill level 3 in Bows
    87 | D:1      | Reached XP level 2. HP: 16/16 MP: 6/6
   780 | D:1      | Reached XP level 3. HP: 20/20 MP: 7/7
   928 | D:2      | Reached skill level 4 in Bows
  1599 | D:2      | Noticed Robin
  1856 | D:2      | Gained mutation: Your body sometimes deteriorates upon taking damage. [potion of mutation]
  1856 | D:2      | Gained mutation: You are clumsy. (Dex -2) [potion of mutation]
  1856 | D:2      | Gained mutation: Your flesh is cold resistant. (rC+) [potion of mutation]
  1871 | D:1      | Killed Robin
  1871 | D:1      | Reached XP level 4. HP: 21/24 MP: 8/8
  1932 | D:2      | Reached skill level 5 in Bows
  2246 | D:2      | Reached skill level 1 in Fighting
  2609 | D:2      | Found a burning altar of Makhleb.
  3010 | D:3      | Reached XP level 5. HP: 11/30 MP: 9/9
  3122 | D:3      | Noticed zhorgal's ghost (weakling MiBe)
  3149 | D:3      | HP: 1/30 [orc/mace of protection (8)]
  3187 | D:2      | HP: 1/30 [hobgoblin/club (4)]
  3235 | D:2      | Slain by a gnoll

Skill      XL: |  1  2  3  4 |
---------------+-------------+-----
Bows           | 3 4 5 |  5.1
Fighting       | 2 |  2.1
Dodging        | |  2.4
Spellcasting   | |  1.5
Hexes          | |  4.0

Action                   |  1- 3 |  4- 6 || total
-------------------------+-------+-------++-------
 Fire: Shortbow          |   155 |   151 ||   306
 Cast: Corona            |     5 |     5 ||    10
  Use: Potion            |     3 |       ||     3
       Scroll            |       |     2 ||     2
  Eat: Chunk             |     2 |     5 ||     7
Armor: Robe              |     5 |    19 ||    24
Dodge: Dodged            |    30 |    56 ||    86
